 Dungeon Crawl Stone Soup version 0.25-a0-566-g062765be81 (webtiles) character file.

Game seed: 6090384048175107805, levelgen mode: deterministic

4 vurker the Gusty (level 1, 0/7 HPs)
             Began as a Felid Air Elementalist on Feb 28, 2020.
             Slain by a dart slug (2 damage)
             ... on level 1 of the Dungeon.
             The game lasted 00:00:18 (183 turns).

vurker the Gusty (Felid Air Elementalist)            Turns: 183, Time: 00:00:19

Health: 0/7        AC:  1    Str:  4    XL:     1   Next: 58%
Magic:  0/4        EV: 18    Int: 16    God:
Gold:   38         SH:  0    Dex: 16    Spells: 3/4 levels left
                                        Lives:  0   Deaths: 0

rFire    . . .     SeeInvis +   (weapon unavailable)
rCold    . . .     Gourm    .   (shield unavailable)
rNeg     . . .     Faith    .   (armour unavailable)
rPois    .         Spirit   .   (helmet unavailable)
rElec    .         Reflect  .   (cloak unavailable)
rCorr    .         Harm     .   (gloves unavailable)
MR       .....                  (boots unavailable)
Stlth    +++.......             (no amulet)
HPRegen  0.02/turn              (no ring)
MPRegen  0.09/turn              (no ring)

@: very slightly contaminated, quick
A: very small, no armour, no weapons or thrown items, stealth, claws 1, fangs 3,
see invisible, carnivore, speed 1, shaggy fur 1, slow metabolism 1, sharp paws
a: no special abilities


You were on level 1 of the Dungeon.
You were not hungry.

You visited 1 branch of the dungeon, and saw 1 of its levels.

You collected 38 gold pieces.

Inventory:

Potions
 a - a potion of magic {unknown}
Comestibles
 e - a ration


   Skills:
 + Level 0.2 Fighting
 - Level 2.6 Dodging
 - Level 2.6 Stealth
 * Level 2.1 Spellcasting
 + Level 1.0 Conjurations
 * Level 2.8 Air Magic


You had 3 spell levels left.
You knew the following spells:

 Your Spells              Type           Power        Failure   Level  Hunger
a - Shock                 Conj/Air       #...         10%         1    #......

Your spell library contained the following spells:

 Spells                   Type           Power        Failure   Level  Hunger
 Swiftness                Chrm/Air       #.......     17%         2    ###....
 Static Discharge         Conj/Air       #.......     28%         3    ###....
 Airstrike                Air            ##........   54%         4    #####..
 Lightning Bolt           Conj/Air       #.........   95%         5    ######.


Dungeon Overview and Level Annotations

Branches:
Dungeon (1/15)

Altars:


Innate Abilities, Weirdness & Mutations

You cannot wear armour.
You are incapable of wielding weapons or throwing items.
Your paws allow you to move quietly. (Stealth)
You have sharp claws.
You have razor-sharp teeth.
You have supernaturally acute eyesight. (SInv)
You are carnivorous and can eat meat at any time.
You cover ground quickly.
You are covered in fur. (AC +1)
You have a slow metabolism.
Your sharp claws are effective at attacking unaware monsters.


Message History

You kill the goblin!
No target in view!
No target in view!
No target in view!
No target in view!
No target in view!
No target in view!
No target in view!
No target in view!
Your magical contamination has completely faded away.
You see here a +0 club.
There is a stone staircase leading down here.
A kobold comes into view. It is wielding a -3 dagger.
The kobold shouts!
The kobold throws a stone.
The stone misses you.
A kobold is nearby!
A kobold is nearby!
Aim: a kobold, wielding a -3 dagger and quivering 3 stones The zap misses the kobold.
The kobold throws a stone.
The stone misses you.
Aim: a kobold, wielding a -3 dagger and quivering 2 stones The zap misses the kobold.
The kobold throws a stone.
The stone closely misses you.
Aim: a kobold, wielding a -3 dagger and quivering a stone The zap hits the kobold.
The kobold throws a stone.
The stone closely misses you.
Aim: a kobold, wielding a -3 dagger (heavily wounded)
You miscast Shock.
You are very lightly contaminated with residual magic.
Nothing appears to happen.
You don't have enough magic to cast that spell.
A dart slug comes into view.
You closely miss the kobold. The kobold hits you but does no damage.
You scratch the kobold.
You kill the kobold!
Your Conjurations skill increases to level 1!
The dart slug launches a dart at you. The slug dart misses you.
Found 9 gold pieces.
You see here a cursed -3 dagger.
You scratch the dart slug. You bite the dart slug.
The dart slug launches a dart at you. The slug dart misses you.
You scratch the dart slug. You scratch the dart slug.
The dart slug launches a dart at you. The slug dart hits you.
Ouch! That really hurt!
* * * LOW HITPOINT WARNING * * *
The zap hits the dart slug.
The dart slug bites you.
You die...

#..##.# .#
#.#
#...........#
#..##.# .#
#.#
#.###########
#..##.# .#
#.# #.# #..#
#.# #(# #...
#.# #.# #.#
#)# #@#
#......w#
####.....
........
###......#
#......#
#$.....#
#......#


You could see a dart slug.

Vanquished Creatures
  A giant cockroach (D:1)
  A kobold (D:1)
  2 goblins (D:1)
4 creatures vanquished.

Notes
Turn   | Place    | Note
-------+----------+-------------------------------------------
     0 | D:1      | vurker the Felid Air Elementalist began the quest for the
                  | Orb.
     0 | D:1      | Reached XP level 1. HP: 7/7 MP: 4/4
   177 | D:1      | Reached skill level 1 in Conjurations
   183 | D:1      | Slain by a dart slug

Levels and vault maps discovered:
D:1:      psy_arrival_dodecagon, layout_basic

Skill      XL: |  1 |
---------------+----+-----
Conjurations   | 1 |  1.0
Fighting       | |  0.2
Dodging        | |  2.6
Stealth        | |  2.6
Spellcasting   | |  2.1
Air Magic      | |  2.8

Action                   || total
-------------------------++-------
Melee: Unarmed           ||     8
       Bite              ||     1
 Cast: Shock             ||    12
Dodge: Dodged            ||     9

Table legend:
 A = Non-vault XP
 B = Vault XP
 C = Vault XP percentage of total XP
 D = Non-vault monster count
 E = Vault monster count
 F = Vault count percentage of total count
                 A         B        C        D         E       F
            +---------+---------+-------+---------+---------+-------
      Total |       7 |       0 |   0.0 |       4 |       0 |   0.0
            +---------+---------+-------+---------+---------+-------
        D:1 |       7 |       0 |   0.0 |       4 |       0 |   0.0
            +---------+---------+-------+---------+---------+-------
